 Dungeon Crawl Stone Soup version 0.26.0-20-g3ca415f5b8 (webtiles) character file.

Game seed: 15711435428999613633

45 Acheron the Sneak (level 3, -5/18 HPs)
             Began as a Spriggan Brigand on Jan 24, 2021.
             Slain by a worker ant (7 damage)
             ... on level 4 of the Dungeon.
             The game lasted 00:05:34 (1071 turns).

Acheron the Sneak (Spriggan Brigand)                Turns: 1071, Time: 00:05:35

Health: -5/18      AC:  4    Str:  7    XL:     3   Next: 42%
Magic:  5/5        EV: 17    Int: 12    God:
Gold:   108        SH:  0    Dex: 18    Spells: 3/3 levels left

rFire    . . .     SeeInvis +   a - +5 dagger
rCold    . . .     Faith    .   (shield restricted)
rNeg     . . .     Spirit   .   b - +0 robe
rPois    .         Reflect  .   (helmet restricted)
rElec    .         Harm     .   c - +1 cloak
rCorr    .         Rampage  .   (gloves unavailable)
Will     .....                  (boots unavailable)
Stlth    ++++......             (no amulet)
HPRegen  0.06/turn              (no ring)
MPRegen  0.09/turn              (no ring)

@: very quick
A: very small, unfitting armour, see invisible, speed 3
a: no special abilities


You were on level 4 of the Dungeon.
You visited 1 branch of the dungeon, and saw 4 of its levels.

You collected 108 gold pieces.

Inventory:

Hand Weapons
 a - a +5 dagger (weapon)
Missiles
 d - 22 poisoned darts (quivered)
 e - 2 curare-tipped darts
 i - 15 stones
Armour
 b - a +0 robe (worn)
 c - a +1 cloak (worn)
Jewellery
 m - an uncursed ring of ice {unknown}
Scrolls
 f - a scroll of remove curse
Potions
 g - 2 potions of attraction {unknown}
 h - 2 potions of mutation
 l - a potion of curing


   Skills:
 * Level 1.7 Fighting
 * Level 2.5 Short Blades
 * Level 2.1 Throwing
 * Level 2.1 Dodging
 * Level 7.1 Stealth
 * Level 0.9 Spellcasting


You had 3 spell levels left.
You didn't know any spells.
Your spell library was empty.

Dungeon Overview and Level Annotations

Branches:
Dungeon (4/15)
 Temple: D:4-7

Altars:


Innate Abilities, Weirdness & Mutations

You are very small and have problems with some larger weapons.
You are too small for most types of armour.
You have supernaturally acute eyesight. (SInv)
You cover ground extremely quickly.


Message History

The worker ant bites you.
* * * LOW HITPOINT WARNING * * *
You barely miss the worker ant.
The worker ant is heavily wounded.
The worker ant completely misses you.
You hit the worker ant.
The worker ant is severely wounded.
The worker ant bites you but does no damage.
You closely miss the worker ant.
The worker ant is severely wounded.
The worker ant closely misses you.
You barely miss the worker ant.
The worker ant is severely wounded.
The worker ant bites you.
* * * LOW HITPOINT WARNING * * *
You hit the worker ant.
The worker ant is almost dead.
A hound comes into view.
The worker ant bites you!
You die...

.#......#.# *,,,,*
*,,,,* * .########.#
#....# *[.h,* *
..........#
#...>####...,*
########.l#
#$..........,* #..#
#...........,*
###..###..?........,*
#.....#*........$#,**
****
#.....#**#.......#.***
,,,*
#.....####.@....:..,,*
**,*
#<..........B......,,*
,,,*
#.....####.........,,*
######.[...##
##########***
............#
######.#.##.#****
*,,,#.#.#*...,,****
*,*,#.#.#*##..,,,,***
*,*,#.#.# *.##**,,,**


You could see a hound (wandering) and a worker ant.

Vanquished Creatures
  An adder (D:4)
  An ooze (D:4)
  An adder skeleton (D:4)
  2 worms (D:4)
  A dart slug (D:1)
  A leopard gecko (D:1)
  A bat (D:1)
  2 giant cockroaches (D:1)
  4 goblins (D:1)
  2 hobgoblins (D:1)
  A kobold (D:1)
  A quokka (D:3)
  A frilled lizard (D:1)
19 creatures vanquished.

Notes
Turn   | Place    | Note
-------+----------+-------------------------------------------
     0 | D:1      | Acheron the Spriggan Brigand began the quest for the Orb.
     0 | D:1      | Reached XP level 1. HP: 10/10 MP: 2/2
    62 | D:1      | Reached skill level 6 in Stealth
   150 | D:1      | Reached XP level 2. HP: 12/14 MP: 3/3
   851 | D:4      | Reached XP level 3. HP: 18/18 MP: 4/4
  1011 | D:4      | Reached skill level 7 in Stealth
  1071 | D:4      | Slain by a worker ant

Illustrated notes

Levels and vault maps discovered:
D:1:      nzn_arrival_depleted_hourglass, layout_loops_ring
D:2:      layout_basic, elyvilon_altar_4, lemuel_crystal_altar
D:3:      layout_loops_ring
D:4:      minmay_evil_eye, layout_basic, chequers_ossuary_entry_cave

Skill      XL: |  1  2  3 |
---------------+----------+-----
Stealth        | 6 7 |  7.1
Dodging        | 2 |  2.1
Fighting       | |  1.7
Short Blades   | |  2.5
Throwing       | |  2.1
Spellcasting   | |  0.9

Action                   || total
-------------------------++-------
Melee: Dagger            ||    88
  Use: Scroll            ||     8
 Stab: Sleeping          ||     7
Armor: Robe              ||     6
Dodge: Dodged            ||    61
